 Dungeon Crawl Stone Soup version 0.27.1-1-g398f81649c (webtiles) character file.

Game seed: 16023645078684581758

24 Descartes the Shield-Bearer (level 3, -1/29 HPs)
             Began as a Formicid Fighter on Sept 12, 2021.
             Slain by a gnoll (8 damage)
             ... on level 2 of the Dungeon.
             The game lasted 00:01:16 (1064 turns).

Descartes the Shield-Bearer (Formicid Fighter)      Turns: 1064, Time: 00:01:16

Health: -1/29      AC:  6    Str: 20    XL:     3   Next: 15%
Magic:  3/3        EV:  4    Int:  7    God:
Gold:   83         SH:  0    Dex: 11    Spells: 2/2 levels left

rFire    . . .     SeeInvis +   a - +0 war axe
rCold    . . .     Faith    .   c - +0 kite shield
rNeg     . . .     Spirit   .   b - +0 scale mail
rPois    .         Reflect  .   (helmet unavailable)
rElec    .         Harm     .   (no cloak)
rCorr    .         Rampage  .   (no gloves)
Will     .....                  (no boots)
Stlth    ..........             (no amulet)
HPRegen  0.09/turn              (no ring)
MPRegen  0.08/turn              (no ring)

@: held
A: permanent stasis, dig shafts and tunnels, antennae 3, four strong arms
a: Dig, Shaft Self


You were on level 2 of the Dungeon.
You visited 1 branch of the dungeon, and saw 2 of its levels.

You collected 83 gold pieces.

Inventory:

Hand Weapons
 a - a +0 war axe (weapon)
 j - a +0 longbow
Missiles
 e - 45 arrows
 g - 25 sling bullets
 h - 39 stones
Armour
 b - a +0 scale mail (worn)
 c - a +0 kite shield (worn)
Scrolls
 f - a scroll of teleportation {unknown}
Potions
 d - a potion of might
 i - a potion of invisibility {unknown}


   Skills:
 - Level 3.2 Fighting
 - Level 2.0 Axes
 - Level 3.2 Armour
 + Level 5.0 Shields


You had 2 spell levels left.
You didn't know any spells.
Your spell library was empty.

Dungeon Overview and Level Annotations

Branches:
Dungeon (2/15)

Altars:


Innate Abilities, Weirdness & Mutations

You cannot be hasted, slowed, berserked, paralysed or teleported.
You can dig through walls and to a lower floor.
You have a pair of large antennae on your head. (SInv)
Your four strong arms can wield two-handed weapons with a shield.


Message History

You now have 83 gold pieces (gained 18).
There is a stone staircase leading down here.
Found a shiny peridot ring.
You sense a monster nearby.
A gnoll comes into view. It is wielding a +0 flail.
The gnoll shouts!
You hear a shout!
A gnoll is nearby!
A goblin comes into view. It is wielding a +0 dagger.
The gnoll hits you with a +0 flail.
You closely miss the gnoll.
A gnoll comes into view. It is wielding a +0 flail.
The gnoll hits you with a +0 flail!
You closely miss the gnoll.
The gnoll shouts!
The gnoll hits you with a +0 flail. The gnoll hits you but does no damage.
You are too injured to fight recklessly!
You are too injured to fight recklessly!
You are too injured to fight recklessly!
You are too injured to fight recklessly!
You are too injured to fight recklessly!
You are too injured to fight recklessly!
You are too injured to fight recklessly!
You are too injured to fight recklessly!
You are too injured to fight recklessly!
You are too injured to fight recklessly!
You are too injured to fight recklessly!
You are too injured to fight recklessly!
You are too injured to fight recklessly!
You are too injured to fight recklessly!
You are too injured to fight recklessly!
You are too injured to fight recklessly!
A gnoll comes into view.
It is wielding a +2 flail of protection.
The gnoll shouts!
You hear an angry hiss.
The gnoll throws a throwing net.
The throwing net hits you.
You become entangled in the net!
You see here a throwing net.
You struggle against the net.
The gnoll hits you with a +0 flail.
* * * LOW HITPOINT WARNING * * *
You struggle against the net.
The gnoll hits you with a +0 flail!
You die...

.........#....)..##.# ...
#.#............### .# . .
#.#......#.......##.#...
#.#=.....#.....#..#......
#........#.....##..#..)...
#..#......#................
#..####.g..#>...............
..g# #...g.#####...........
....# #.#.#@####............
....
....g................... ...
###.#...#####...<....... ..
#.###.. #............. ..#
##....#..#.##..... ..#
#...##.##.##..... ..
....##.##.†...... ....
#.###....... #. #.###.......


You could see 3 gnolls.

Vanquished Creatures
  3 bats (D:1)
  4 endoplasms (D:1)
  3 giant cockroaches (D:1)
  3 goblins
  2 hobgoblins
  A quokka (D:2)
  2 ball pythons
  A frilled lizard (D:1)
  2 rats (D:1)
21 creatures vanquished.

Notes
Turn   | Place    | Note
-------+----------+-------------------------------------------
     0 | D:1      | Descartes the Formicid Fighter began the quest for the Orb.
     0 | D:1      | Reached XP level 1. HP: 18/18 MP: 1/1
   122 | D:1      | Reached skill level 4 in Shields
   268 | D:1      | Reached XP level 2. HP: 23/24 MP: 2/2
   968 | D:2      | Reached XP level 3. HP: 29/29 MP: 3/3
  1031 | D:2      | Reached skill level 5 in Shields
  1064 | D:2      | Slain by a gnoll

Illustrated notes

Levels and vault maps discovered:
D:1:      lightli_arrival_chessboard, layout_loops_ring, minmay_fountain_box
D:2:      layout_rooms, serial_shops, nicolae_shop_trees

Skill      XL: |  1  2  3 |
---------------+----------+-----
Shields        | 4 5 |  5.0
Fighting       | |  3.2
Axes           | |  2.0
Armour         | |  3.2

Action                   || total
-------------------------++-------
Melee: War axe           ||    46
Armor: Scale mail        ||    11
Dodge: Dodged            ||    13
Block: Kite shield       ||    22
